 Dungeon Crawl Stone Soup version 0.15-b1-128-gb969795 (webtiles) character file.

112 Mortal the Covered (level 4, -6/40 HPs)
             Began as a Minotaur Fighter on Aug 27, 2014.
             Killed by divine providence
             ... invoked by an orc priest
              (9 damage)
             ... on Level 3 of the Dungeon.
             The game lasted 00:06:27 (1875 turns).

Mortal the Covered (Minotaur Fighter)               Turns: 1875, Time: 00:06:27

HP  -6/40        AC  7     Str 20      XL: 4   Next: 63%
MP   2/2         EV  6     Int  5      God:
Gold 160         SH  9     Dex 11      Spells:  0 memorised,  3 levels left

rFire  . . .     SeeInvis .     a - +0 war axe
rCold  . . .     Clarity  .     t - +0 scale mail
rNeg   . . .     rCorr    .     c - +0 shield
rPois  .         rRot     .     (helmet restricted)
rElec  .         Spirit   .     (no cloak)
SustAb .         Warding  .     (no gloves)
rMut   .         Stasis   .     (no boots)
Gourm  .                        (no amulet)
MR     .....                    (no ring)
                                (no ring)

@: very slightly contaminated, hasted, very quick, not resistant to hostile
enchantments, extremely unstealthy
A: retaliatory headbutt, horns 2
a: no special abilities


You were on level 3 of the Dungeon.
You were not hungry.

You visited 1 branch of the dungeon, and saw 3 of its levels.

You collected 160 gold pieces.

Inventory:

Hand weapons
 a - a +0 war axe (weapon)
Armour
 b - a +0 scale mail
 c - a +0 shield (worn)
 o - a +0 ring mail
 t - a +0 scale mail (worn)
Magical devices
 s - a wand of hasting (2)
Comestibles
 d - 3 bread rations
 i - 3 slices of pizza
 l - 2 meat rations
 r - 2 beef jerkies
Scrolls
 f - 2 scrolls of identify {unknown}
 g - a scroll of teleportation {unknown}
 h - a scroll of amnesia {unknown}
 j - a scroll of blinking {unknown}
 k - a scroll of fear {unknown}
 m - 2 scrolls of enchant armour {unknown}
 q - a scroll of fog {unknown}
 u - 3 scrolls of random uselessness {unknown}
Potions
 e - a potion of might


   Skills:
 + Level 4.1 Fighting
 + Level 3.2 Axes
 + Level 4.5 Armour
 + Level 2.2 Dodging
 + Level 4.2 Shields


You had 3 spell levels left.
You didn't know any spells.

Dungeon Overview and Level Annotations

Branches:
Dungeon (3/15)

Altars:
Kikubaaqudgha
Nemelex Xobeh


Innate Abilities, Weirdness & Mutations

You reflexively headbutt those who attack you in melee.
You have a pair of horns on your head.


Message History

You headbutt the orc priest!
You kill the orc priest!
The orc priest hits you with a whip.
* * * LOW HITPOINT WARNING * * *
You hit the orc priest.
The orc priest is moderately wounded.
You hit the orc priest but do no damage.
Your headbutt misses the orc priest.
The orc priest is moderately wounded.
The orc priest mumbles some strange prayers to Beogh against you.
Pain shoots through your body!
* * * LOW HITPOINT WARNING * * *
You closely miss the orc priest.
The orc priest is lightly wounded.
The orc priest hits you but does no damage.
You closely miss the orc priest. Your headbutt misses the orc priest.
The orc priest is lightly wounded.
The orc priest mumbles some strange prayers to Beogh against you.
Something smites you!
You die...

#.#.#########.####.≈≈≈≈.≈≈≈≈≈.#..
#.#.# #......≈≈≈≈.≈≈≈≈≈.#..
#.#.##############.≈≈≈≈.......#.#
.........................≈≈≈≈..>#
#.#.#.......######.≈≈≈≈≈.≈≈≈≈...#
#............).....≈≈≈≈≈.≈≈≈≈....
###.#.[.....######.≈≈≈≈≈.≈≈≈≈.#.#
#.#.......# ####.≈≈≈≈≈.≈≈≈≈.#..
#.#.......# #o@................
#.#.......# #)###...#.##..#..##
#.######### #.# #...#.##..#..#
#.# #.# #####.##..#..# #.# ..#
#.##..#..## . ..# #..#..#....
..!# ##.#..##.## .... .........
....# .#..##.##


You could see an orc priest.

Vanquished Creatures
  An orc priest (D:3)
  2 adders
  A giant mite (D:1)
  A worm (D:3)
  A giant gecko (D:2)
  An ooze (D:1)
  2 orcs (D:3)
  A ball python (D:3)
  5 bats
  3 giant cockroaches
  6 hobgoblins
  2 jackals (D:1)
  A quokka (D:3)
  5 giant newts
  A goblin (D:2)
  9 kobolds
  7 rats
49 creatures vanquished.

Notes
Turn   | Place    | Note
--------------------------------------------------------------
     0 | D:1      | Mortal, the Minotaur Fighter, began the quest for the Orb.
     0 | D:1      | Reached XP level 1. HP: 19/19 MP: 1/1
   360 | D:1      | Reached XP level 2. HP: 27/27 MP: 1/1
   438 | D:1      | Reached skill level 4 in Armour
   523 | D:1      | Reached skill level 1 in Dodging
   908 | D:2      | Reached XP level 3. HP: 33/33 MP: 2/2
  1231 | D:2      | Found a sparkling altar of Nemelex Xobeh.
  1231 | D:2      | Found an ancient bone altar of Kikubaaqudgha.
  1780 | D:3      | Reached XP level 4. HP: 40/40 MP: 2/2
  1875 | D:3      | Killed from afar by an orc priest

Action                   |  1- 3 |  4- 6 || total
-------------------------+-------+-------++-------
Melee: War axe           |   105 |    22 ||   127
Evoke: Wand              |     1 |       ||     1
  Use: Potion            |       |     2 ||     2
  Eat: Chunk             |     3 |       ||     3
